 Dungeon Crawl Stone Soup version 0.26-b1-32-g5d43845318 (webtiles) character file.

Game seed: 5925093955439308542

75858 Clowwww the Severer (level 15, -2/163 HPs)
             Began as an Ogre Gladiator on Jan 4, 2021.
             Was the Champion of Jiyva.
             Slain by a hellwing (9 damage)
             ... summoned by Frances
             ... on level 13 of the Dungeon.
             The game lasted 01:25:01 (30628 turns).

Clowwww the Severer (Ogre Gladiator)               Turns: 30628, Time: 01:25:02

Health: -2/163     AC: 12    Str: 22    XL:     15   Next: 7%
Magic:  15/15      EV: 15    Int: 11    God:    Jiyva [******]
Gold:   1368       SH:  5    Dex: 16    Spells: 14/14 levels left

rFire    . . .     SeeInvis .   L - +8 frozen axe "Frostbite" {freezing cloud, *Noise +Fly rC+}
rCold    + + .     Faith    .   (shield currently unavailable)
rNeg     + . .     Spirit   .   D - +4 troll leather armour
rPois    .         Reflect  +   k - +2 hat
rElec    .         Harm     .   (no cloak)
rCorr    +         Rampage  .   (gloves unavailable)
Will     +....                  (boots unavailable)
Stlth    +++.......             p - amulet of reflection
HPRegen  0.77/turn              q - +4 ring of slaying
MPRegen  0.14/turn              B - ring "Udezus" {rN+ Str+5}

@: no status effects
A: large, unfitting armour, clumsy 1, cold resistance 1, tough skin 1, tendrils,
jelly absorbing missiles
}: 1/15 runes: slimy
a: Renounce Religion, Evoke Flight, Request Jelly, Slimify, Cure Bad Mutation


You were on level 13 of the Dungeon.
You worshipped Jiyva.
Jiyva was exalted by your worship.
You visited 4 branches of the dungeon, and saw 25 of its levels.
You also visited: Sewer and Gauntlet.

You collected 1424 gold pieces.
You spent 56 gold pieces at shops.

Inventory:

Hand Weapons
 A - a +0 giant spiked club of protection
 E - a +1 vorpal war axe
 L - the +8 frozen axe "Frostbite" (weapon) {freezing cloud, *Noise +Fly rC+}
   (You found it on level 5 of the Pits of Slime)

   It has been specially enchanted to freeze those struck by it, causing extra
   injury to most foes and up to half again as much damage against particularly
   susceptible opponents.
   It can also slow down cold-blooded creatures.
   It protects you from cold.
   It lets you fly.
   It may make noises in combat.
Missiles
 b - 7 javelins (quivered)
 d - a throwing net
 T - 7 boomerangs
Armour
 k - a +2 hat (worn)
 D - a +4 troll leather armour (worn)
Jewellery
 a - a +6 ring of dexterity {unknown}
 p - an amulet of reflection (around neck)
 q - a +4 ring of slaying (left hand)
 x - an uncursed ring of poison resistance
 y - an uncursed ring of protection from fire {unknown}
 z - a +4 ring of slaying
 B - the ring "Udezus" (right hand) {rN+ Str+5}
   (You found it on level 8 of the Dungeon)

   [ring of positive energy]

   It affects your strength (+5).
   It protects you from negative energy.
 M - an uncursed ring of ice
 N - an uncursed amulet of guardian spirit {unknown}
 Q - an uncursed amulet of magic regeneration {unknown}
 S - an uncursed ring of protection from cold {unknown}
Wands
 n - a wand of disintegration (9)
 w - a wand of random effects (40)
 C - a wand of paralysis (33)
 F - a wand of polymorph (16)
 G - a wand of iceblast (4)
 K - a wand of enslavement (7)
 P - a wand of digging (13)
 V - a wand of flame (4)
Scrolls
 c - 15 scrolls of teleportation
 l - 12 scrolls of remove curse
 r - 4 scrolls of blinking
 s - 3 scrolls of magic mapping
 v - 4 scrolls of fear
 H - 2 scrolls of enchant weapon
 J - 2 scrolls of fog
 O - 2 scrolls of identify
 R - a scroll of brand weapon
 U - a scroll of amnesia
 W - a scroll of enchant armour
Potions
 e - 2 potions of resistance
 f - 3 potions of mutation
 g - 2 potions of ambrosia
 h - a potion of heal wounds
 i - 3 potions of brilliance
 j - 5 potions of curing
 m - 3 potions of haste
 o - 3 potions of flight
 t - 3 potions of magic
 u - a potion of might
 I - 5 potions of cancellation {unknown}


   Skills:
 + Level 14.0 Fighting
 + Level 17.3 Axes
 + Level 6.7 Throwing
 + Level 5.5 Armour
 + Level 8.3 Dodging
 + Level 5.8 Stealth
 + Level 4.5 Shields
 + Level 2.7 Evocations


You had 14 spell levels left.
You didn't know any spells.
Your spell library contained the following spells:

 Spells                   Type           Power        Failure   Level
 Beastly Appendage        Tmut           0%           38%         1
 Sandblast                Erth           0%           38%         1
 Ensorcelled Hibernation  Hex/Ice        0%           52%         2
 Passwall                 Tmut/Erth      0%           52%         2
 Poisonous Vapours        Pois/Air       0%           52%         2
 Wereblood                Tmut           0%           52%         2
 Confusing Touch          Hex            0%           77%         3
 Conjure Flame            Conj/Fire      0%           77%         3
 Gell's Gravitas          Tloc           0%           77%         3
 Mephitic Cloud           Conj/Pois/Air  0%           77%         3
 Spider Form              Tmut/Pois      0%           77%         3
 Stone Arrow              Conj/Erth      0%           77%         3
 Ice Form                 Ice/Tmut       0%           99%         4
 Petrify                  Tmut/Erth      0%           99%         4
 Summon Lightning Spire   Summ/Air       0%           99%         4
 Blade Hands              Tmut           0%           100%        5
 Borgnjor's Vile Clutch   Necr/Erth      0%           100%        5
 Lee's Rapid Deconstruct  Erth           0%           100%        5
 Metabolic Englaciation   Hex/Ice        0%           100%        5
 Silence                  Hex/Air        0%           100%        5
 Yara's Violent Unravell  Hex/Tmut       0%           100%        5
 Conjure Ball Lightning   Conj/Air       0%           100%        6
 Freezing Cloud           Conj/Ice/Air   0%           100%        6
 Shadow Creatures         Summ           N/A          100%        6
 Tornado                  Air            0%           100%        9


Dungeon Overview and Level Annotations

Branches:
Dungeon (13/15)            Temple (1/1) D:6            Lair (6/6) D:9
 Shoals (0/4) Lair:2        Snake (0/4) Lair:2        Slime (5/5) Lair:5
    Orc (0/2) D:9           Sewer (visited)         Gauntlet (visited)
 Vaults: D:13-14

Altars:
Ashenzari
Cheibriados
Dithmenos
Elyvilon
Fedhas
Gozag
Hepliaklqana
Kikubaaqudgha
Makhleb
Nemelex Xobeh
Okawaru
Qazlal
Ru
Sif Muna
Trog
Uskayaw
Vehumet
Wu Jian
Xom
Yredelemnul
Zin
The Shining One
Jiyva

Shops:
D:5 !

Portals:
Ice
Cave: D:13

Annotations:
D:2 2 transporters
D:7 3 runed translucent doors, Ocagea Veru's ghost, novice VSEn
D:13 Frances
Slime:5 Royal Jelly


Innate Abilities, Weirdness & Mutations

You are too large for most types of armour.
You have tough skin. (AC +1)
You are clumsy. (Dex -2)
Your flesh is cold resistant. (rC+)
You are covered in slimy tendrils that may disarm your opponents.
You have a small jelly attached to you that may absorb incoming projectiles.


Message History

Frances chants phrases taken from a devil's mouth.
The iron shot hits you!!!
* * * LOW HITPOINT WARNING * * *
You shudder from the blast and a jelly pops out!
The gargoyle hits you with a +0 flail of protection!
* * * LOW HITPOINT WARNING * * *
Frances hits you but does no damage.
Frances hits your acid blob with a +0 hand axe!!
Frances is burned by acid!
The hellwing is engulfed in freezing vapours.
The hellwing hits you but does no damage.
You block the hellwing's attack.
The gargoyle hurls a stone arrow at you.
The stone arrow misses you.
The stone arrow misses the sixfirhy.
Frances closely misses you.
Frances hits your acid blob with a +0 hand axe!!
Frances is burned by acid!
The hellwing is engulfed in freezing vapours.
The hellwing hits you!
You die...

#
#..,,,,,,,,,,,,,,,*******,
# ####.#**************,*
** #####[...########## *,*
* .##...#...........#
****,********
#.#.#...#########.#
*,,,,,,,,,,,* ##).##.##
##.# *,**,******,*
).)....#
##5J###,**,******,*
##..####
#4☼@°.#,**,*,,,**,* #.#.#
******#9@3..#,**,,,,,,*,*
...[#
*.....?..☼..#,**,,,,,,,,,
#####
*.####......#>***^,,,,*,*
#
*,***##.....#,,,,,,,,,,,*
*,,,,,.#5..##******,*****
*,,<,..#..## *,*
*,,,.......* *,*
*,,,...#...********,*
*,,,,,,*,,,**,,,,,,,*


You could see Frances (fast), a hellwing (summoned), a sixfirhy (summoned), a
gargoyle, 2 white imps and a friendly acid blob (summoned).

Vanquished Creatures
  A reaper (Gauntlet)
  A minotaur (Gauntlet)
  The ghost of Junaliek the Protected, a journeyman MiFi of Okawaru (Lair:2)
  Fannar (D:10)
  2 boulder beetles
  10 hydras
  2 catoblepae
  The ghost of irqconflict the Conjurer, a novice DrCj of Sif Muna (D:10)
  5 death yaks (Lair:6)
  A deep troll shaman (Lair:6)
  A queen ant (Lair:3)
  Urug (Lair:4)
  2 two-headed ogres
  Sonja (D:10)
  A wizard (Gauntlet)
  A lindwurm (Lair:6)
  An obsidian statue (Gauntlet)
  An orc knight (D:10)
  Pikel (D:8)
  An ugly thing (D:10)
  An oklob plant (Lair:2)
  A manticore (D:10)
  2 cyclopes (D:11)
  3 merfolk sirens (Lair:2)
  22 elephants
  Maurice (D:13)
  4 black mambas
  An eye of devastation (shapeshifter) (Gauntlet)
  Joseph (D:8)
  13 cane toads
  2 torpor snails
  A gargoyle (D:11)
  5 komodo dragons
  Maggie (D:8)
  2 rime drakes
  An efreet (D:10)
  An ice devil (Gauntlet)
  4 trolls
  A wind drake (shapeshifter) (D:10)
  2 polar bears (Lair:6)
  A meliai (D:10)
  A hornet (D:11)
  A merfolk (Lair:2)
  17 blink frogs
  Sigmund (D:3)
  A vampire (D:12)
  A wyvern (Lair:2)
  28 yaks
  2 wraiths (D:13)
  3 basilisks
  Menkaure (D:7)
  An acid dragon (D:12)
  3 nagas (Lair:2)
  19 water moccasins
  6 soldier ants (Lair:3)
  2 black bears
  4 sky beasts
  3 ice beasts
  4 orc warriors
  6 ogres
  11 wolves
  A phantom (D:12)
  3 centaurs
  14 bullfrogs
  A gnoll sergeant (D:9)
  2 wyvern zombies
  A water moccasin skeleton (D:7)
  3 killer bees (D:7)
  9 wights (D:6)
  4 electric eels (D:9)
  4 howler monkeys
  3 bullfrog zombies
  2 hounds (D:8)
  5 orc priests
  A centaur skeleton (D:5)
  5 jellies
  17 orc wizards
  3 bullfrog skeletons
  4 iguanas
  38 worker ants
  A hound zombie (D:9)
  4 worker ant zombies
  13 gnolls
  18 adders
  5 river rats
  7 shadow imps
  16 white imps
  3 ufetubi
  3 oozes
  3 adder skeletons
  2 worms
  3 dart slugs
  2 leopard geckos
  72 orcs
  14 ball pythons
  9 giant cockroaches
  7 goblins
  12 hobgoblins
  10 jackals
  9 kobolds
  5 quokkas
  5 bats
  9 frilled lizards
  A giant cockroach zombie (D:5)
  A leopard gecko skeleton (D:4)
  3 quokka skeletons (D:4)
  28 rats
606 creatures vanquished.

Vanquished Creatures (others)
  An unseen horror (D:12)
  3 slime creatures (D:13)
  A water moccasin (Lair:5)
  An orc warrior (D:10)
  2 eyes of draining
  An ice beast (D:11)
  A centaur (D:10)
  5 bullfrogs
  34 jellies
  2 hounds
  An orc priest (D:12)
  A bullfrog skeleton (D:11)
  An iguana (D:10)
  An orc wizard (D:11)
  A worker ant zombie (D:10)
  An adder (D:10)
  An ufetubus (D:10)
  4 orcs
  3 jackals (D:10)
  A bush (Lair:6)
  120 fungi
  183 plants
369 creatures vanquished.

Grand Total: 975 creatures vanquished

Notes
Turn   | Place    | Note
-------+----------+-------------------------------------------
     0 | D:1      | Clowwww the Ogre Gladiator began the quest for the Orb.
     0 | D:1      | Reached XP level 1. HP: 22/22 MP: 1/1
   248 | D:1      | Reached XP level 2. HP: 29/29 MP: 2/2
   421 | D:1      | Reached XP level 3. HP: 36/36 MP: 3/3
   493 | D:1      | Reached skill level 4 in Axes
  1236 | D:2      | Found a transporter.
  1238 | D:2      | Found a transporter.
  1242 | D:2      | Noticed a centaur
  1271 | D:2      | Found an ancient bone altar of Kikubaaqudgha.
  1607 | D:2      | Reached XP level 4. HP: 43/44 MP: 4/4
  2536 | D:3      | Reached skill level 5 in Axes
  2545 | D:3      | Reached XP level 5. HP: 12/53 MP: 5/5
  3023 | D:3      | Noticed Sigmund
  3034 | D:3      | Killed Sigmund
  3035 | D:3      | Reached skill level 6 in Axes
  3035 | D:3      | Reached XP level 6. HP: 62/62 MP: 6/6
  3960 | D:4      | Reached XP level 7. HP: 69/70 MP: 7/7
  4017 | D:4      | Reached skill level 7 in Axes
  5052 | D:4      | Reached skill level 1 in Stealth
  5481 | D:5      | Entered Level 5 of the Dungeon
  5516 | D:5      | Reached skill level 8 in Axes
  5532 | D:5      | Found a glowing drain.
  5536 | D:5      | Noticed a yak
  5536 | D:5      | Noticed a yak
  5537 | D:5      | Noticed a yak
  5546 | D:5      | Killed a yak
  5547 | D:5      | Reached XP level 8. HP: 42/79 MP: 8/8
  5550 | D:5      | Killed a yak
  5558 | D:5      | Killed a yak
  5559 | D:5      | Reached skill level 9 in Axes
  5578 | Sewer    | Entered a sewer
  5855 | Sewer    | Reached skill level 5 in Fighting
  6268 | D:5      | Found Caron's Distillery.
  6271 | D:5      | Bought a potion of might for 56 gold pieces
  6670 | D:5      | Reached skill level 10 in Axes
  6670 | D:5      | Reached XP level 9. HP: 89/89 MP: 9/9
  6824 | D:6      | Noticed a two-headed ogre
  6841 | D:6      | Killed a two-headed ogre
  6842 | D:6      | Reached skill level 1 in Shields
  6853 | D:6      | HP: 3/91 [ogre/+0 giant club (18)]
  6944 | D:6      | Reached skill level 11 in Axes
  7712 | D:6      | Found a staircase to the Ecumenical Temple.
  7721 | Temple   | Entered the Ecumenical Temple
  8586 | D:7      | Reached XP level 10. HP: 93/100 MP: 10/10
  8589 | D:7      | Reached skill level 12 in Axes
  8701 | D:7      | Noticed Menkaure
  8716 | D:7      | Killed Menkaure
  9251 | D:7      | Found a runed translucent gate.
  9251 | D:7      | Found a runed translucent gate.
  9252 | D:7      | Found a runed translucent gate.
  9254 | D:7      | Noticed Ocagea Veru's ghost (novice VSEn)
  9929 | D:7      | Found an opulent altar of Gozag.
 10109 | D:8      | Found a broken altar of Ashenzari.
 10274 | D:8      | Noticed Pikel
 10284 | D:8      | Noticed Joseph
 10285 | D:8      | Noticed Maggie
 10290 | D:8      | Killed Pikel
 10301 | D:8      | Killed Joseph
 10302 | D:8      | Reached skill level 13 in Axes
 10307 | D:8      | Killed Maggie
 10852 | D:8      | Got a crude pewter ring
 10992 | D:8      | Found a glowing golden altar of the Shining One.
 10992 | D:8      | Found a basalt altar of Yredelemnul.
 10993 | D:8      | Found a sparkling altar of Nemelex Xobeh.
 11033 | D:8      | Identified the ring "Udezus" {rN+ Str+5} (You found it on
                  | level 8 of the Dungeon)
 11482 | D:9      | Found a staircase to the Lair.
 11531 | D:9      | Found a staircase to the Orcish Mines.
 11544 | D:9      | Found a burning altar of Makhleb.
 11547 | D:9      | Noticed a cacodemon
 11549 | D:9      | Found a glowing silver altar of Zin.
 11549 | D:9      | Noticed an angel
 11577 | D:9      | Reached XP level 11. HP: 101/111 MP: 11/11
 12590 | Lair:1   | Entered Level 1 of the Lair of Beasts
 12595 | Lair:1   | Noticed a six-headed hydra
 12601 | Lair:1   | Reached skill level 14 in Axes
 12609 | Lair:1   | Killed a seven-headed hydra
 12610 | Lair:1   | Reached skill level 5 in Dodging
 12632 | Lair:1   | Found a gate leading to a gauntlet.
 12641 | Gauntlet | Entered a Gauntlet
 12641 | Gauntlet | Found a transporter.
 12648 | Gauntlet | Found a transporter.
 12651 | Gauntlet | Found a transporter.
 12652 | Gauntlet | Found a transporter.
 12661 | Gauntlet | Found a transporter.
 12663 | Gauntlet | Found a transporter.
 12664 | Gauntlet | Found a transporter.
 12666 | Gauntlet | Noticed a wizard
 12672 | Gauntlet | Found a transporter.
 12675 | Gauntlet | Found a transporter.
 12676 | Gauntlet | Found a transporter.
 12685 | Gauntlet | Noticed a reaper
 12687 | Gauntlet | Found a transporter.
 12688 | Gauntlet | Found a transporter.
 12689 | Gauntlet | Found a transporter.
 12690 | Gauntlet | Noticed an obsidian statue
 12725 | Gauntlet | Noticed a sea snake
 12725 | Gauntlet | an elephant changed into a sea snake
 12734 | Gauntlet | Noticed a mana viper
 12734 | Gauntlet | a sea snake changed into a mana viper
 12755 | Gauntlet | a mana viper changed into a swamp worm
 12790 | Gauntlet | Found a transporter.
 12851 | Gauntlet | Noticed an anaconda
 12851 | Gauntlet | a water nymph changed into an anaconda
 12866 | Gauntlet | an anaconda changed into an eye of devastation
 12956 | Gauntlet | Killed a wizard
 12957 | Gauntlet | Reached skill level 1 in Armour
 12979 | Gauntlet | Killed a reaper
 13113 | Gauntlet | Killed an obsidian statue
 13133 | Gauntlet | Noticed a minotaur
 13145 | Gauntlet | Killed a minotaur
 13498 | Lair:2   | Found a staircase to the Snake Pit.
 13544 | Lair:2   | Found a transporter.
 13552 | Lair:2   | Noticed Junaliek's ghost (journeyman MiFi)
 13555 | Lair:2   | Found a transporter.
 13634 | Lair:2   | Found a staircase to the Shoals.
 13653 | Lair:2   | Reached skill level 15 in Axes
 13654 | Lair:2   | Reached XP level 12. HP: 57/124 MP: 12/12
 14731 | Lair:4   | Reached skill level 10 in Fighting
 14821 | Lair:4   | Noticed a five-headed hydra
 14831 | Lair:4   | Killed an eight-headed hydra
 14832 | Lair:4   | Reached skill level 1 in Evocations
 14952 | Lair:4   | Noticed a catoblepas
 14964 | Lair:4   | Killed a catoblepas
 15103 | Lair:4   | Noticed Urug
 15109 | Lair:4   | Killed Urug
 15288 | Lair:4   | Reached skill level 16 in Axes
 15454 | Lair:4   | Noticed a seven-headed hydra
 15460 | Lair:4   | Killed a seven-headed hydra
 15506 | Lair:4   | Noticed an eight-headed hydra
 15513 | Lair:4   | Killed an eight-headed hydra
 15514 | Lair:4   | Reached XP level 13. HP: 131/135 MP: 13/13
 15827 | Lair:4   | Got a heavily runed buckler
 16411 | Lair:5   | Found a staircase to the Slime Pits.
 16412 | Lair:5   | Found a viscous altar of Jiyva.
 16420 | Lair:5   | Became a worshipper of Jiyva Jainn the Shapeless
 16448 | Slime:1  | Entered Level 1 of the Pits of Slime
 16448 | Slime:1  | Noticed a great orb of eyes
 16448 | Slime:1  | Noticed an acid blob
 16456 | Slime:1  | Noticed an acid blob
 16463 | Slime:1  | Noticed an azure jelly
 16463 | Slime:1  | Noticed an azure jelly
 16509 | Slime:1  | Noticed an acid blob
 16735 | Slime:2  | Noticed a great orb of eyes
 16736 | Slime:2  | Noticed an acid blob
 16753 | Slime:2  | Noticed a great orb of eyes
 16856 | Slime:3  | Noticed a great orb of eyes
 16876 | Slime:3  | Noticed an acid blob
 16891 | Slime:3  | Noticed an acid blob
 16903 | Slime:3  | Noticed an acid blob
 16919 | Slime:3  | Noticed an acid blob
 16986 | Slime:3  | Noticed an acid blob
 17005 | Slime:3  | Noticed an acid blob
 17152 | Slime:4  | Noticed an acid blob
 17338 | Slime:4  | Noticed an acid blob
 17365 | Slime:5  | Entered Level 5 of the Pits of Slime
 17365 | Slime:5  | Noticed a death ooze
 17370 | Slime:5  | Noticed an azure jelly
 17400 | Slime:5  | Noticed a great orb of eyes
 17404 | Slime:5  | Noticed an acid blob
 17408 | Slime:5  | Noticed a great orb of eyes
 17410 | Slime:5  | Noticed an acid blob
 17415 | Slime:5  | Noticed an acid blob
 17437 | Slime:5  | Noticed an acid blob
 17444 | Slime:5  | Noticed the Royal Jelly
 17444 | Slime:5  | Noticed an acid blob
 17452 | Slime:5  | Noticed an acid blob
 17472 | Slime:5  | Found a viscous altar of Jiyva.
 17476 | Slime:5  | Found the +8 frozen axe "Frostbite" {freezing cloud, *Noise
                  | +Fly rC+}
 17497 | Slime:5  | Noticed an acid blob
 17516 | Slime:5  | Noticed an acid blob
 17521 | Slime:5  | Noticed an acid blob
 17526 | Slime:5  | Noticed an acid blob
 17531 | Slime:5  | Noticed a great orb of eyes
 17674 | Slime:2  | Noticed an azure jelly
 17751 | Slime:4  | Noticed a death ooze
 17818 | Slime:3  | Noticed an acid blob
 17888 | Slime:2  | Noticed an acid blob
 17893 | Slime:1  | Noticed an acid blob
 17893 | Slime:1  | Noticed an acid blob
 18258 | Lair:5   | Reached * piety under Jiyva
 18820 | Lair:4   | Reached ** piety under Jiyva
 19699 | Lair:3   | Reached skill level 5 in Throwing
 22545 | Lair:2   | Killed Junaliek's ghost
 24460 | Lair:1   | Reached *** piety under Jiyva
 24558 | Lair:1   | Gained mutation: Your system is resistant to poisons.
                  | (rPois) [Jiyva's grace]
 25472 | Lair:6   | Entered Level 6 of the Lair of Beasts
 25516 | Lair:6   | Reached XP level 14. HP: 119/149 MP: 14/14
 25628 | Lair:6   | Reached skill level 5 in Armour
 25761 | Lair:6   | Reached skill level 5 in Stealth
 26959 | Lair:6   | Gained mutation: Your muscles are strong. (Str +2) [Jiyva's
                  | grace]
 26961 | Lair:6   | Reached **** piety under Jiyva
 27090 | Lair:6   | Reached skill level 17 in Axes
 27573 | D:10     | Entered Level 10 of the Dungeon
 27789 | D:10     | Lost mutation: Your muscles are strong. (Str +2) [Jiyva's
                  | grace]
 27834 | D:10     | Reached ***** piety under Jiyva
 27836 | D:10     | Lost mutation: Your system is resistant to poisons. (rPois)
                  | [Jiyva's grace]
 27951 | D:10     | Gained mutation: You have a pair of small horns on your
                  | head. [Jiyva's grace]
 28032 | D:10     | Reached ****** piety under Jiyva
 28133 | D:10     | Gained mutation: Your body has grown golden eyes which may
                  | confuse attackers. (Acc +3) [Jiyva's grace]
 28300 | D:10     | Found a runed translucent gate.
 28302 | D:10     | Noticed irqconflict's ghost (novice DrCj)
 28303 | D:10     | Found a runed translucent gate.
 28304 | D:10     | Found a runed translucent gate.
 28391 | D:10     | Noticed Fannar
 28402 | D:10     | Killed Fannar
 28615 | D:10     | Gained mutation: You are somewhat resistant to further
                  | mutation. [Jiyva's grace]
 28742 | D:10     | Noticed Sonja
 28749 | D:10     | Killed Sonja
 28894 | D:10     | Killed irqconflict's ghost
 29119 | Slime:5  | Gained mutation: You have a small jelly attached to you
                  | that may absorb incoming projectiles. [Jiyva's grace]
 29135 | Slime:5  | Lost mutation: Your body has grown golden eyes which may
                  | confuse attackers. (Acc +3) [Jiyva's grace]
 29157 | Slime:5  | Lost mutation: You are somewhat resistant to further
                  | mutation. [Jiyva's grace]
 29175 | Slime:5  | Lost mutation: You have a pair of small horns on your head.
                  | [Jiyva's grace]
 29192 | Slime:5  | Got a slimy rune of Zot
 29762 | D:11     | Gained mutation: You are clumsy. (Dex -2) [Jiyva's grace]
 29902 | D:12     | Gained mutation: Your flesh is cold resistant. (rC+)
                  | [Jiyva's grace]
 29952 | D:12     | Reached XP level 15. HP: 145/162 MP: 15/15
 30255 | D:12     | Gained mutation: You are covered in slimy tendrils that may
                  | disarm your opponents. [Jiyva's grace]
 30577 | D:13     | Noticed Maurice
 30587 | D:13     | Killed Maurice
 30610 | D:13     | Found a frozen archway.
 30620 | D:13     | Noticed Frances
 30628 | D:13     | HP: 7/163 [gargoyle/+0 flail of protection (8)]
 30628 | D:13     | Slain by a hellwing

Illustrated notes

Levels and vault maps discovered:
D:1:      lightli_arrival_lavapool, layout_loops_corners, eino_curves_02
D:2:      layout_loops_cross, gammafunk_temple_overflow_arena
D:3:      layout_loops_ring, uniq_sigmund
D:4:      layout_loops_corners, minmay_close_crescents
D:5:      minmay_evil_eye, layout_loops_ring, serial_shops,
          kennysheep_mini_moat, gup_sewer_entry_glass
D:6:      kennysheep_big_flooded_room, layout_basic, minmay_temple_entry_arrows
D:7:      layout_gridville, gammafunk_ghost_necromancy, grunt_gozag_breadcrumbs,
          uniq_menkaure
D:8:      layout_loops_ring, gammafunk_temple_overflow_claw,
          ashenzari_conservatory_becter, uniq_maggie, uniq_joseph, uniq_pikel
D:9:      layout_roguey, grunt_temple_overflow_order_and_chaos_2,
          dpeg_oklobed_lair, orc_0_dummy, serial_bayou, serial_bayou_pond_d,
          serial_bayou_lagoon_a, serial_bayou_shore_a, serial_bayou_pond_c,
          lightli_fourway_metalbox
D:10:     layout_basic, gammafunk_ghost_hydra_chop, minmay_shattered_shrine,
          uniq_fannar, uniq_sonja
D:11:     layout_roguey
D:12:     layout_gridville
D:13:     layout_loops_ring, skrybe_vaults_entry_preservation, serial_shops,
          shop, portal_ice_cave_entry_imps, uniq_maurice, uniq_frances
Temple:   regret_index_temple_waves
Lair:1:   layout_cave_shapes, gauntlet_entry_generic
Lair:2:   layout_regular_city, elwin_shoals_entry_stream,
          minmay_snake_entry_guardpost_small, nzn_ghost_randoct
Lair:3:   layout_concentric_octagons, chequers_serial_rivers_marsh,
          zaba_antful_of_joy
Lair:4:   layout_regular_city, lemuel_fruit_fields, grunt_megastairs_1,
          uniq_urug
Lair:5:   layout_long_grid, slime_altar_1, grunt_megastairs_4,
          infiniplex_staircase_pool_2
Lair:6:   grunt_lair_end_beastmaster, layout_loops_ring, pond
Slime:1:  layout_caves
Slime:2:  layout_caves
Slime:3:  layout_caves
Slime:4:  layout_caves
Slime:5

Skill      XL: |  1  2  3  4  5  6  7  8  9 10 11 12 13 14 15 |
---------------+----------------------------------------------+-----
Axes           | 4 5 6 8 10 11 13 15 16 17 | 17.3
Dodging        | 3 4 5 6 7 8 |  8.3
Fighting       | 3 4 5 6 7 9 10 12 13 14 | 14.0
Stealth        | 1 2 3 4 5 |  5.8
Shields        | 1 2 3 4 |  4.5
Armour         | 2 4 5 |  5.5
Evocations     | 1 2 |  2.7
Throwing       | 3 5 6 |  6.7

Action                   |  1- 3 |  4- 6 |  7- 9 | 10-12 | 13-15 || total
-------------------------+-------+-------+-------+-------+-------++-------
Melee: War axe           |   102 |   160 |   354 |   374 |   496 ||  1486
       Executioner's axe |       |       |       |       |    79 ||    79
       Headbutt          |       |       |       |       |    13 ||    13
Throw: Throwing net      |       |     1 |     1 |     1 |     3 ||     6
       Boomerang         |       |       |     2 |       |       ||     2
       Javelin           |       |       |       |    33 |    79 ||   112
Invok: Request Jelly     |       |       |       |       |     4 ||     4
Evoke: Wand              |       |       |       |    20 |    15 ||    35
  Use: Scroll            |       |     9 |    11 |    13 |     7 ||    40
       Potion            |       |     1 |     2 |     8 |     5 ||    16
 Stab: Sleeping          |     2 |       |     1 |     1 |    12 ||    16
       Petrified         |       |       |       |     1 |     8 ||     9
       Distracted        |       |       |       |       |     3 ||     3
       Held in net/web   |       |       |       |       |     3 ||     3
Armor: Robe              |    54 |    38 |    96 |    35 |       ||   223
       Troll leather arm |       |       |       |    27 |   151 ||   178
Dodge: Dodged            |    72 |    85 |   154 |   154 |   312 ||   777
Block: Other             |       |       |    43 |    66 |   116 ||   225
       Reflection        |       |       |     1 |       |       ||     1
